 Dungeon Crawl Stone Soup version 0.30-a0-1085-g990a428a5c (webtiles) character file.

Game seed: 16767956440946579113

628 porpoise the Shooter (level 7, -1/56 HPs)
             Began as a Barachi Hunter on Apr 16, 2023.
             Was an Initiate of Hepliaklqana.
             Constricted to death by Dowan (3 damage)
             ... on level 5 of the Dungeon on Apr 17, 2023.
             The game lasted 00:15:03 (3394 turns).

porpoise the Shooter (Barachi Hunter)               Turns: 3394, Time: 00:15:04

Health: -1/56      AC:  6    Str: 14    XL:     7   Next: 48%
Magic:  7/7        EV: 14    Int: 10    God:    Hepliaklqana [......]
Gold:   170        SH:  0    Dex: 17    Spells: 6/6 levels left

rFire   + . .      SeeInvis .    b - +1 short sword (venom)
rCold   . . .      Faith    .    (no shield)
rNeg    . . .      Spirit   .    q - +1 leather armour "Gymog" {rF+ Str+2 Stlth+}
rPois   .          Reflect  .    w - +2 hat
rElec   .          Rampage  .    (no cloak)
rCorr   .                        (no gloves)
Will    .....                    (no boots)
Stlth   +++                      (no amulet)
HPRegen 0.29/turn                s - ring of flight
MPRegen 0.10/turn                E - +5 ring of evasion

@: mighty, grasped by roots, flying, constricted, slow
A: amphibious, slowness 1, strong legs 1, +LOS
a: Hop, Renounce Religion


You were on level 5 of the Dungeon.
You worshipped Hepliaklqana.
Hepliaklqana was noncommittal.
You visited 2 branches of the dungeon, and saw 6 of its levels.

You collected 170 gold pieces.

Inventory:

Hand Weapons
 a - a +1 shortbow
 b - a +1 short sword of venom (weapon)
Missiles
 n - 13 poisoned darts (quivered)
 o - a throwing net
Armour
 m - a +3 ring mail
 q - the +1 leather armour "Gymog" (worn) {rF+ Str+2 Stlth+}
   (You found it on level 2 of the Dungeon)

   Str:       It affects your strength (+2).
   rF:        It protects you from fire.
   Stlth:     It makes you more stealthy.
 w - a +2 hat (worn)
 A - the +1 scale mail of Utus Hea {-Tele rPois Slay+3}
   (You found it on level 5 of the Dungeon)

   Slay:      It affects your accuracy & damage with ranged weapons and melee
   (+3).
   rPois:     It protects you from poison.
   -Tele:     It prevents most forms of teleportation.
Magical Staves
 r - a staff of cold
Jewellery
 s - a ring of flight (left hand)
 E - a +5 ring of evasion (right hand)
Scrolls
 d - a scroll of silence {unknown}
 e - a scroll of brand weapon {unknown}
 k - a scroll of noise {unknown}
 p - 2 scrolls of fear
 t - a scroll of enchant weapon
 u - a scroll of amnesia
 v - 6 scrolls of immolation
 y - a scroll of butterflies {unknown}
 z - a scroll of magic mapping
 B - a scroll of blinking {unknown}
 D - a scroll of fog {unknown}
Potions
 c - a potion of curing {unknown}
 f - 2 potions of might
 g - a potion of brilliance {unknown}
 h - 2 potions of magic
 i - a potion of resistance {unknown}
 j - 2 potions of mutation
 l - a potion of haste {unknown}
 x - a potion of flight
 C - a potion of heal wounds {unknown}


   Skills:
 + Level 5.1 Fighting
 * Level 6.9 Ranged Weapons
 - Level 2.1 Dodging
 + Level 3.8 Stealth


You had 6 spell levels left.
You didn't know any spells.
Your spell library contained the following spells:

 Spells                   Type           Power      Damage    Failure   Level
 Apportation              Tloc           0%         N/A       43%         1
 Necrotise                Necr           0%         1d4       43%         1
 Sting                    Tmut/Pois      0%         1d3       43%         1
 Summon Small Mammal      Summ           0%         N/A       43%         1
 Poisonous Vapours        Pois/Air       0%         N/A       58%         2
 Vhi's Electric Charge    Tloc/Air       0%         N/A       82%         3
 Olgreb's Toxic Radiance  Pois           0%         N/A       99%         4
 Arcjolt                  Conj/Air       0%         1d10      100%        5
 Iskenderun's Battlesphe  Conj           0%         2d6       100%        5
 Iron Shot                Conj/Erth      0%         9d1       100%        6
 Spellforged Servitor     Conj/Summ      0%         N/A       100%        7
 Maxwell's Capacitive Co  Air            0%         ∞         100%        8


Dungeon Overview and Level Annotations

Branches:
Dungeon (5/15)             Temple (1/1) D:4

Altars:
Ashenzari
Cheibriados
Dithmenos
Elyvilon
Fedhas
Gozag
Hepliaklqana
Makhleb
Nemelex Xobeh
Qazlal
Ru
Sif Muna
Trog
Uskayaw
Wu Jian
Yredelemnul
Zin

Shops:
D:3 =

Annotations:
D:4 Sigmund
D:5 Dowan, Duvessa


Innate Abilities, Weirdness & Mutations

You are amphibious.
You cover ground slowly.
You can hop short distances.
You have an extended range of vision and can be seen from far away.


Message History

Duvessa misses you.
You closely miss Duvessa.
Duvessa is heavily wounded.
Dowan gestures at Duvessa while chanting.
Duvessa seems to speed up.
The grasping roots constrict you.
Duvessa hits you with a +1 short sword of speed!
Duvessa hits you with a +1 short sword of speed.
The grasping roots release their grip on you.
You hit Duvessa but do no damage.
Duvessa is poisoned.
Duvessa is heavily wounded.
Duvessa hits you with a +1 short sword of speed.
Dowan zaps a wand.
The roots erupt in riotous growth!
The grasping roots grab you!
Duvessa is unaffected.
The grasping roots constrict you. Duvessa closely misses you.
You closely miss Duvessa.
Duvessa is heavily wounded.
Duvessa hits you with a +1 short sword of speed!
* * * LOW HITPOINT WARNING * * *
The grasping roots constrict you. Duvessa barely misses you.
It was a potion of flight.
You feel more buoyant. Duvessa completely misses you.
The grasping roots constrict you.
* * * LOW HITPOINT WARNING * * *
Duvessa hits you but does no damage.
The grasping roots release their grip on you.
You feel very mighty all of a sudden. Duvessa completely misses you.
An orc wizard comes into view. It is wielding a +0 dagger.
Duvessa hits you with a +1 short sword of speed!
* * * LOW HITPOINT WARNING * * *
Duvessa barely misses you.
You puncture Duvessa!
Duvessa looks as sick as possible!
You punch Duvessa!
Duvessa is almost dead.
Duvessa hits you with a +1 short sword of speed.
* * * LOW HITPOINT WARNING * * *
Dowan zaps a wand.
The roots erupt in riotous growth!
The grasping roots grab you!
Duvessa is unaffected.
Dowan is unaffected.
The grasping roots constrict you.
You die...

.................#
.................#
.................#
.................#
.................#
..,,,,,,.........#
.,,,,,,,.........#
.,,,,,,,.........#
.,,,,,,,.......e@#
.,,,,,,,........e#
.,,,,,,,.........#
.,,,,,,,.........#
.,,,,,,,.........#
,,,,,,,,.........#
,,,,,,,,....^....#
,,,,,,,,.o.......#
,,,,,,,,......((.#


You could see Duvessa (fast, extremely poisoned), Dowan and an orc wizard.

Vanquished Creatures
  A water moccasin (D:3)
  A black bear (D:5)
  An ogre (D:5)
  An orc priest (D:2)
  A sleepcap (D:4)
  3 iguanas (D:4)
  An orc wizard (D:4)
  3 gnolls (D:5)
  4 adders (D:2)
  3 worms
  2 dart slugs (D:3)
  17 orcs
  7 ball pythons
  8 bats
  7 endoplasms
  A giant cockroach (D:3)
  7 hobgoblins
  6 jackals (D:1)
  8 kobolds
  6 quokkas
  4 frilled lizards
  A goblin (D:1)
  5 rats
98 creatures vanquished.

Notes
Turn   | Place    | Note
-------+----------+-------------------------------------------
     0 | D:1      | porpoise the Barachi Hunter began the quest for the Orb.
     0 | D:1      | Reached XP level 1. HP: 17/17 MP: 1/1
    19 | D:1      | Reached skill level 1 in Stealth
   106 | D:1      | Reached XP level 2. HP: 21/23 MP: 2/2
   314 | D:1      | Reached XP level 3. HP: 20/28 MP: 3/3
   670 | D:2      | Upgraded the game from 0.30-a0-1082-g70414cbcbb to
                  | 0.30-a0-1085-g990a428a5c
   861 | D:2      | Found a faded altar of an unknown god.
   908 | D:2      | Found a hide-covered altar of Uskayaw.
   939 | D:2      | Identified the +1 leather armour "Gymog" {rF+ Str+2 Stlth+}
   970 | D:2      | Reached XP level 4. HP: 30/35 MP: 4/4
  1177 | D:2      | Reached skill level 5 in Ranged Weapons
  1393 | D:3      | Found a hide-covered altar of Uskayaw.
  1587 | D:2      | Reached XP level 5. HP: 28/42 MP: 5/5
  1832 | D:3      | Found Jyrofoq's Jewellery Shop.
  1864 | D:3      | Found a burning altar of Makhleb.
  1872 | D:3      | Noticed a water moccasin
  1884 | D:3      | Killed a water moccasin
  1885 | D:3      | Reached XP level 6. HP: 37/48 MP: 6/6
  2194 | D:4      | Reached skill level 6 in Ranged Weapons
  2490 | D:4      | Found a staircase to the Ecumenical Temple.
  2506 | Temple   | Entered the Ecumenical Temple
  2559 | Temple   | Became a worshipper of Hepliaklqana the Forgotten
  2848 | D:4      | Noticed Sigmund
  2885 | D:5      | Entered Level 5 of the Dungeon
  3155 | D:5      | Reached XP level 7. HP: 40/55 MP: 7/7
  3189 | D:5      | Reached skill level 5 in Fighting
  3362 | D:5      | Identified the +1 scale mail of Utus Hea {-Tele rPois
                  | Slay+3}
  3377 | D:5      | Noticed Dowan
  3379 | D:5      | Noticed Duvessa
  3394 | D:5      | HP: 2/56 [Duvessa/+1 short sword of speed (4)]
  3394 | D:5      | Constricted to death by Dowan

Illustrated notes

Levels and vault maps discovered:
D:1:      dpeg_arrival_tiny_a, layout_rooms, hex_large, grunt_decor_junction
D:2:      layout_basic, basic_altar,
          dreamdust_ecumenical_altar_angels_and_demons
D:3:      layout_basic, bloody_makhleb, nicolae_uskayaw_dance_hall,
          serial_shops, shop
D:4:      layout_gridville, minmay_temple_entry_large_hall,
          sigmund_edmund_badplayer, uniq_sigmund
D:5:      layout_basic, uniq_duvessa, uniq_edmund
Temple:   eino_wide_crystal_templ

Skill      XL: |  1  2  3  4  5  6  7 |
---------------+----------------------+-----
Stealth        | 1 2 3 |  3.8
Fighting       | 3 4 5 |  5.1
Ranged Weapons | 5 6 |  6.9
Dodging        | |  2.1

Action                     |  1- 3 |  4- 6 |  7- 9 || total
---------------------------+-------+-------+-------++-------
  Melee: Short sword       |       |    13 |     9 ||    22
         Falchion          |       |     4 |       ||     4
         Shortbow          |       |     2 |       ||     2
         Punch             |       |       |     1 ||     1
   Fire: Shortbow          |   113 |   238 |    28 ||   379
  Throw: Dart              |       |       |     2 ||     2
Ability: Hop               |       |     1 |     1 ||     2
    Use: Scroll            |       |     7 |       ||     7
         Potion            |       |       |     2 ||     2
 Armour: Leather armour    |    25 |    42 |     5 ||    72
  Dodge: Dodged            |    56 |    83 |    26 ||   165

Table legend: (Time is in decaauts)
 A = Elapsed time spent in this place.
 B = Non-inter-level travel time spent in this place.
 C = Inter-level travel time spent in this place.
 D = Time resting spent in this place.
 E = Time spent auto-exploring this place.
 F = Levels seen in this place.
 G = Mean time per level.
                   A        B        C        D        E       F      G
               +--------+--------+--------+--------+--------+-----+--------+
         Total |   3885 |   3697 |    188 |    877 |   1890 |   6 |  647.5 |
       Dungeon |   3792 |   3633 |    159 |    877 |   1848 |   5 |  758.4 |
        Temple |     92 |     64 |     28 |      0 |     42 |   1 |   92.0 |
               +--------+--------+--------+--------+--------+-----+--------+

Top non-repeatable levels by time:
     D:4: 1077 daAuts
     D:2: 914 daAuts
     D:3: 797 daAuts
     D:1: 788 daAuts
     D:5: 214 daAuts
  Temple: 92 daAuts
